 Dungeon Crawl Stone Soup version 0.27.1-33-g824d729ab1 (webtiles) character file.

Game seed: 2390144776824640166

0 barney the Ruffian (level 1, 0/16 HPs)
             Began as a Draconian Transmuter on Dec 20, 2021.
             Slain by a giant cockroach (1 damage)
             ... on level 1 of the Dungeon.
             The game lasted 00:00:07 (36 turns).

barney the Ruffian (Draconian Transmuter)             Turns: 36, Time: 00:00:08

Health: 0/16       AC:  4    Str: 12    XL:     1   Next: 8%
Magic:  2/3        EV: 12    Int: 13    God:
Gold:   19         SH:  0    Dex: 11    Spells: 3/4 levels left

rFire    . . .     SeeInvis .     - Unarmed
rCold    . . .     Faith    .   (no shield)
rNeg     . . .     Spirit   .   (armour unavailable)
rPois    .         Reflect  .   (helmet restricted)
rElec    .         Harm     .   (no cloak)
rCorr    .         Rampage  .   (no gloves)
Will     .....                  (no boots)
Stlth    +.........             (no amulet)
HPRegen  0.05/turn              (no ring)
MPRegen  0.08/turn              (no ring)

@: very slightly contaminated
A: AC +4, unfitting armour, cold-blooded
a: no special abilities


You were on level 1 of the Dungeon.
You visited 1 branch of the dungeon, and saw 1 of its levels.

You collected 19 gold pieces.

You aren't carrying anything.


   Skills:
 - Level 1.1 Fighting
 - Level 1.7 Dodging
 - Level 3.0 Unarmed Combat
 - Level 2.0 Spellcasting
 + Level 2.0 Transmutations


You had 3 spell levels left.
You knew the following spells:

 Your Spells              Type           Power      Damage    Failure   Level
a - Beastly Appendage     Tmut           12%        N/A       11%         1

Your spell library contained the following spells:

 Spells                   Type           Power      Damage    Failure   Level
 Wereblood                Tmut           6%         N/A       17%         2
 Spider Form              Tmut/Pois      1%         N/A       45%         3
 Ice Form                 Ice/Tmut       3%         N/A       86%         4


Dungeon Overview and Level Annotations

Branches:
Dungeon (1/15)

Altars:


Innate Abilities, Weirdness & Mutations

Your plain brown scales are hard. (AC +4)
You cannot fit into any form of body armour.
You are cold-blooded and may be slowed by cold attacks.


Message History

You kill the rat!
No target in view!
No target in view!
Your transformation is almost over.
Your horns disappear.
Your talons disappear.
Magic restored.
You see here a rat corpse.
A bat comes into view.
An endoplasm comes into view.
The endoplasm moves out of view.
A bat is nearby!
A giant cockroach comes into view.
Found 9 gold pieces.
Found a stone staircase leading down.
The bat closely misses you.
There are monsters nearby!
The bat hits you. The bat hits you. The endoplasm hits you.
Casting: Beastly Appendage (safe; 11% risk of failure)
Confirm with . or Enter, or press ? or * to list all spells.
You miscast Beastly Appendage.
You are very lightly contaminated with residual magic.
Nothing appears to happen.
The bat closely misses you. The bat barely misses you.
The endoplasm freezes you.
You are frozen.
The bat hits you but does no damage. The giant cockroach bites you.
The bat misses you. The giant cockroach bites you.
You closely miss the bat. Your punch misses the bat.
The bat closely misses you. The giant cockroach misses you.
The endoplasm freezes you.
You are frozen.
* * * LOW HITPOINT WARNING * * *
The bat completely misses you. The endoplasm freezes you.
You are frozen.
* * * LOW HITPOINT WARNING * * *
The bat hits you but does no damage. The giant cockroach misses you.
The giant cockroach bites you.
You die...

...P.........####........
...............$.........
...<.......###...........
..........##.##..........
...P......# #.##>........
..P≈P.....####.##........
.P≈≈≈P.......##b#........
P≈≈≈≈≈P......##.JB..##..#
≈≈≈≈≈≈≈P....[.†.@...# ##
≈≈≈≈≈≈≈≈P..########.#
############ .# .# .. .


You could see an endoplasm, a giant cockroach and a bat.

Vanquished Creatures
  A rat (D:1)
1 creature vanquished.

Notes
Turn   | Place    | Note
-------+----------+-------------------------------------------
     0 | D:1      | barney the Draconian Transmuter began the quest for the
                  | Orb.
     0 | D:1      | Reached XP level 1. HP: 16/16 MP: 3/3
    36 | D:1      | Slain by a giant cockroach

Illustrated notes

Levels and vault maps discovered:
D:1:      eino_arrival_druids_welcome, layout_rooms, amethyst_killhole,
          st_stairs_1, hex_medium, grunt_decor_mini_mirrors, grunt_decor_cap,
          kennysheep_flooded_box, chequers_garden, hangedman_glass_teeth

Action                   || total
-------------------------++-------
Melee: Unarmed           ||     2
 Cast: Beastly Appendage ||     1
Armor: Skin              ||     2
Dodge: Dodged            ||     8
